 Dungeon Crawl Stone Soup version 0.30-a0-311-gf115ab0292 (webtiles) character file.

Game seed: 6527638228385706997

176604 bande the Severer (level 18, -11/117 HPs)
             Began as a Gargoyle Fighter on Oct 25, 2022.
             Was the Champion of Okawaru.
             Mangled by a +0 glaive of venom (18 damage)
             ... in a wizard's laboratory.
             The game lasted 01:00:28 (26250 turns).

bande the Severer (Gargoyle Fighter)               Turns: 26250, Time: 01:00:28

Health: -11/117    AC: 50    Str: 22    XL:     18   Next: 14%
Magic:  0/27       EV: 11    Int: 19    God:    Okawaru [******]
Gold:   3146       SH:  0    Dex: 18    Spells: 17/17 levels left

rFire   + . .      SeeInvis .    K - +11 battleaxe "Huthuobo" {flame, Will+}
rCold   + . .      Faith    .    (shield currently unavailable)
rNeg    + . .      Spirit   +    Q - +10 plate armour of Duck's Teeth {rElec rC+ Regen+}
rPois   ∞          Reflect  .    X - +0 helmet of Okawaru's Displeasure {Contam +Blink Int+8 Stlth-}
rElec   +          Harm     .    v - +0 cloak
rCorr   .          Rampage  +    N - +5 pair of gloves of Boddeoni {Rampage rPois Str+2 Dex+3}
Will    +++..                    z - +0 pair of boots "Fybleol" {rPois Regen+}
Stlth   ..........               s - amulet "Fodi" {Spirit rF+ Slay+2}
HPRegen 1.99/turn                M - ring of willpower
MPRegen 0.20/turn                q - +4 ring of evasion

@: flying
A: sickness immunity, AC +13, big wings, negative energy resistance 1,
electricity resistance, torment resistance 1, petrification resistance
a: Renounce Religion, Evoke Blink, Heroism, Finesse, Duel


You were in a wizard's laboratory.
You worshipped Okawaru.
Okawaru was exalted by your worship.
You visited 5 branches of the dungeon, and saw 25 of its levels.
You also visited: Gauntlet, Ice Cave and Wizlab.

You collected 3464 gold pieces.
You spent 318 gold pieces at shops.

Inventory:

Hand Weapons
 h - the +7 war axe "Peos" {speed, Will+ Str+4 Int+5}
   (You took it off an orc knight on level 15 of the Dungeon)

   Attacks with this weapon are significantly faster.
   Str:       It affects your strength (+4).
   Int:       It affects your intelligence (+5).
   Will:      It increases your willpower.
 i - a +1 war axe of flaming
 n - a +3 broad axe of chaos
 K - the +11 battleaxe "Huthuobo" (weapon) {flame, Will+}
   (You found it on level 4 of the Lair of Beasts)

   It burns those it strikes, dealing additional fire damage.
   Big, fiery blades are also staple armaments of hydra-hunters.
   Will:      It increases your willpower.
Missiles
 C - 3 throwing nets (quivered)
Armour
 e - the +0 pair of fencer's gloves {Riposte Dex+3}
   (You acquired it on level 4 of the Dungeon)

   It allows the wearer to riposte with melee weapons, swiftly retaliating
   against missed or blocked melee attacks.
   Dex:       It affects your dexterity (+3).
 v - a +0 cloak (worn)
 z - the +0 pair of boots "Fybleol" (worn) {rPois Regen+}
   (You bought it in a shop on level 2 of the Orcish Mines)

   rPois:     It protects you from poison.
   Regen:     It increases your rate of health regeneration.
 E - the +6 crystal plate armour of the Lonely Leylines {Rampage Int+2}
   (Okawaru gifted it to you on level 13 of the Dungeon)

   Int:       It affects your intelligence (+2).
   Rampage:   It bestows one free step when moving towards enemies.
 L - a +1 plate armour of fire resistance
 N - the +5 pair of gloves of Boddeoni (worn) {Rampage rPois Str+2 Dex+3}
   (You found it in a Gauntlet)

   Str:       It affects your strength (+2).
   Dex:       It affects your dexterity (+3).
   rPois:     It protects you from poison.
   Rampage:   It bestows one free step when moving towards enemies.
 Q - the +10 plate armour of Duck's Teeth (worn) {rElec rC+ Regen+}
   (Okawaru gifted it to you in a Gauntlet)

   rC:        It protects you from cold.
   rElec:     It insulates you from electricity.
   Regen:     It increases your rate of health regeneration.
 T - a +0 kite shield
 X - the +0 helmet of Okawaru's Displeasure (worn) {Contam +Blink Int+8 Stlth-}
   (Okawaru gifted it to you on level 14 of the Dungeon)

   Int:       It affects your intelligence (+8).
   +Blink:    It lets you blink.
   Contam:    It causes magical contamination when unequipped.
   Stlth:     It makes you less stealthy.
Jewellery
 b - a ring of ice
 q - a +4 ring of evasion (right hand)
 s - the amulet "Fodi" (around neck) {Spirit rF+ Slay+2}
   (You took it off a tengu reaver on level 15 of the Dungeon)

   [amulet of guardian spirit]

   It causes incoming damage to be divided between your reserves of health and
   magic.
   Slay:      It affects your accuracy & damage with ranged weapons and melee
   (+2).
   rF:        It protects you from fire.
 B - an amulet of reflection
 D - an amulet of regeneration
 J - a +4 ring of evasion
 M - a ring of willpower (left hand)
 O - an amulet of faith
 Y - a ring of fire
 Z - the ring "Faus" {rC+ SInv}
   (You took it off an orc knight on level 15 of the Dungeon)

   [ring of protection from cold]

   rC:        It protects you from cold.
   SInv:      It lets you see invisible.
Wands
 d - a wand of polymorph (3)
 g - a wand of flame (44)
 m - a wand of acid (7)
 y - a wand of digging (13)
 G - a wand of iceblast (10)
Scrolls
 o - a scroll of enchant armour
 x - 3 scrolls of fear
 A - a scroll of blinking
 F - 2 scrolls of enchant weapon
 I - 5 scrolls of teleportation
 S - 5 scrolls of identify
 V - a scroll of silence
Potions
 c - a potion of might
 f - 5 potions of brilliance
 j - 2 potions of magic
 k - a potion of cancellation
 l - 2 potions of haste
 p - a potion of invisibility
 t - 7 potions of mutation
 u - 5 potions of curing
 w - 3 potions of ambrosia
 H - 2 potions of berserk rage
Miscellaneous
 a - a condenser vane
 W - a lightning rod (4/4)


   Skills:
 + Level 14.3 Fighting
 + Level 19.2 Axes
 + Level 11.9 Armour
 + Level 9.3 Shields
 * Level 12.3 Invocations
 * Level 12.3 Evocations


You had 17 spell levels left.
You didn't know any spells.
Your spell library contained the following spells:

 Spells                   Type           Power      Damage    Failure   Level
 Kiss of Death            Conj/Necr      0%         2d5       94%         1
 Sandblast                Erth           0%         2d4       94%         1
 Blink                    Tloc           0%         N/A       98%         2
 Ensorcelled Hibernation  Hex/Ice        0%         N/A       98%         2
 Momentum Strike          Conj/Tloc      0%         3d8       98%         2
 Passwall                 Tmut/Erth      0%         N/A       98%         2
 Poisonous Vapours        Pois/Air       0%         N/A       98%         2
 Frozen Ramparts          Ice            0%         1d1       100%        3
 Lesser Beckoning         Tloc           0%         N/A       100%        3
 Mephitic Cloud           Conj/Pois/Air  0%         N/A       100%        3
 Portal Projectile        Hex/Tloc       0%         N/A       100%        3
 Spider Form              Tmut/Pois      0%         N/A       100%        3
 Stone Arrow              Conj/Erth      0%         3d7       100%        3
 Swiftness                Air            0%         N/A       100%        3
 Anguish                  Hex/Necr       0%         N/A       100%        4
 Ice Form                 Ice/Tmut       0%         N/A       100%        4
 Leda's Liquefaction      Hex/Erth       0%         N/A       100%        4
 Petrify                  Tmut/Erth      0%         N/A       100%        4
 Borgnjor's Vile Clutch   Necr/Erth      0%         N/A       100%        5
 Irradiate                Conj/Tmut      0%         3d11      100%        5
 Borgnjor's Revivificati  Necr           0%         N/A       100%        8
 Cigotuvi's Dreadful Rot  Necr/Pois/Air  Unusable   N/A       N/A         2
 Sublimation of Blood     Necr           Unusable   N/A       N/A         2
 Call Canine Familiar     Summ           Unusable   N/A       N/A         3
 Animate Dead             Necr           Unusable   N/A       N/A         4
 Summon Ice Beast         Ice/Summ       Unusable   N/A       N/A         4
 Death Channel            Necr           Unusable   N/A       N/A         6

Dungeon Overview and Level Annotations

Branches:
Dungeon (15/15)            Temple (1/1) D:7            Lair (5/5) D:11
 Shoals (0/4) Lair:2       Spider (0/4) Lair:3        Slime (0/5) Lair:5
    Orc (2/2) D:11            Elf (2/3) Orc:2        Vaults (0/5) D:13
 Depths (0/4) D:15          IceCv (visited)          WizLab (1/1)
Gauntlet (visited)

Altars:
Cheibriados
Dithmenos
Elyvilon
Fedhas
Gozag
Hepliaklqana
Kikubaaqudgha
Nemelex Xobeh
Okawaru
Ru
Sif Muna
Trog
Uskayaw
Vehumet
Wu Jian
Xom
Yredelemnul
Zin
The Shining One

Shops:
D:6 [   D:8 *   Orc:2 !(**:[   Elf:1 *(   Elf:2 ?

Portals:
Trove: Elf:2 (give +7 demon whip)


Innate Abilities, Weirdness & Mutations

You are immune to sickness and miasma.
Your stone body is resilient. (AC +13)
You are immune to poison.
Your large and strong wings let you fly.
You resist negative energy. (rN+)
You are resistant to electric shocks. (rElec)
You are resistant to unholy torment.
You are immune to petrification.


Message History

The +0 glaive of venom hits you but does no damage.
You hit bande's illusion but do no damage.
Bande's illusion is almost destroyed.
Bande's illusion hits you but does no damage.
The +0 glaive of venom misses you.
You hit bande's illusion but do no damage.
Bande's illusion is almost destroyed.
Bande's illusion hits you.
* * * LOW HITPOINT WARNING * * *
The +0 glaive of venom hits you but does no damage.
You hit bande's illusion but do no damage.
Bande's illusion is almost destroyed.
The +0 glaive of venom hits you but does no damage.
Bande's illusion hits you but does no damage.
You barely miss bande's illusion.
Bande's illusion is almost destroyed.
The +0 glaive of venom hits you but does no damage.
Unknown command.
You hit bande's illusion but do no damage.
Bande's illusion is almost destroyed.
Bande's illusion hits you!
* * * LOW HITPOINT WARNING * * *
You hit bande's illusion but do no damage.
Bande's illusion is almost destroyed.
The +0 glaive of venom hits you but does no damage.
Bande's illusion hits you but does no damage.
You slash bande's illusion!
You destroy bande's illusion!
Bande's illusion shimmers and vanishes!
The +0 glaive of venom hits you but does no damage.
Unknown command.
The +0 glaive of venom hits you but does no damage.
Things that are here:
a +0 long sword; a +0 robe The +0 glaive of venom attacks as you move away!
The +0 glaive of venom hits you!!
* * * LOW HITPOINT WARNING * * *
The +0 glaive of venom hits you but does no damage.
The +0 glaive of venom hits you from afar!!
You die...

.....###...##
.....###...##
.......#...##
.##.)...##
#...####''##
..... ##).### .
⌠. ##.).##
###..### .
###..@### #.#
##..#..###
...#####))(..###
....###)..##..##
.8........##...##
.......##.....###
....######..}###
[::[### #######
#### #####


You could see a +0 glaive of venom.

Vanquished Creatures
  Nikola (Elf:1)
  Jorgrun (Orc:1)
  Asterion (Elf:2)
  Kirke (Lair:5)
  2 tengu reavers (D:15)
  A fire giant (D:15)
  2 orc warlords
  A very ugly thing (D:15)
  2 deep elf annihilators
  A minotaur (Gauntlet)
  The ghost of drewk1942 the Bludgeoner, a journeyman AtFi of Okawaru (Orc:2)
  A fire dragon (D:15)
  2 deep elf death magi (Elf:1)
  The ghost of Usinnox the Destroyer, a journeyman OpCj of Gozag (Lair:2)
  5 hydras
  4 vault guards (D:13)
  Erolcha (Orc:1)
  4 rakshasas
  7 catoblepae
  8 centaur warriors
  5 ogre magi (D:15)
  A two-headed ogre (shapeshifter) (D:15)
  4 two-headed ogres
  8 boulder beetles
  A radroach (shapeshifter) (D:15)
  14 dancing weapons
  6 tengu warriors
  13 death yaks
  6 orc high priests
  7 deep elf knights
  A fire crab (shapeshifter) (D:9)
  7 skeletal warriors
  Lodul (D:13)
  9 orc knights
  A deep troll (D:15)
  11 deep elf archers
  A phantasmal warrior (D:15)
  2 wizards (D:15)
  A harpy (shapeshifter) (D:15)
  25 deep elf zephyrmancers
  A harpy (D:15)
  3 necromancers
  23 deep elf pyromancers
  10 manticores
  2 orc sorcerers (Orc:1)
  A salamander (shapeshifter) (D:14)
  4 large abominations (Elf:1)
  A manticore (shapeshifter) (Elf:2)
  10 ugly things
  9 cyclopes
  2 moths of wrath (Orc:2)
  4 elephants (Lair:1)
  An apocalypse crab (Gauntlet)
  4 black mambas
  2 ice statues (IceCv)
  4 gargoyles
  2 torpor snails
  8 cane toads
  3 rime drakes
  An unseen horror (D:13)
  An efreet (D:15)
  6 kobold demonologists (D:14)
  A yaktaur (shapeshifter) (D:15)
  2 komodo dragons (Lair:1)
  A yaktaur (D:14)
  2 tengu conjurers (D:15)
  2 freezing wraiths
  10 trolls
  2 wind drakes (shapeshifter) (D:15)
  2 meliai (D:15)
  A polar bear (Lair:5)
  2 hornets
  17 blink frogs
  11 slime creatures
  7 dream sheep (Lair:3)
  A snapping turtle (Lair:2)
  A water elemental (Elf:1)
  A culicivora (Lair:3)
  5 air elementals
  A wyvern (D:9)
  Eustachio (D:6)
  8 humans (D:13)
  92 yaks
  4 hogs (Lair:5)
  5 wraiths
  8 basilisks
  A fire elemental (Elf:1)
  3 steam dragons
  2 vampire mosquitoes (D:10)
  Grum (D:11)
  2 harpy simulacra (IceCv)
  Menkaure (D:6)
  3 swamp worms (Gauntlet)
  4 wargs
  2 acid dragons
  11 water moccasins
  A floating eye (shapeshifter) (D:15)
  37 orc warriors
  A meliai simulacrum (D:15)
  14 ogres
  2 sky beasts (D:7)
  A boggart (shapeshifter) (D:15)
  4 wolves (D:11)
  4 centaurs
  2 phantoms
  Blork the orc (D:4)
  5 kobold brigands
  3 elf zombies (Elf:1)
  5 bullfrogs
  An earth elemental (Elf:1)
  3 necrophages
  2 scorpions
  14 wights
  12 killer bees
  2 electric eels (Lair:2)
  2 elephant simulacra (IceCv)
  11 howler monkeys
  2 hounds
  2 jellies
  19 orc priests
  4 gnoll boudas
  4 iguanas
  29 orc wizards
  A polar bear simulacrum (IceCv)
  4 adders
  23 gnolls
  A shadow imp (D:5)
  5 white imps
  An ufetubus (D:7)
  5 worms
  A dart slug (D:1)
  99 orcs
  7 ball pythons
  7 endoplasms
  8 giant cockroaches
  6 goblins
  3 hobgoblins
  2 jackals (D:3)
  2 quokkas
  3 bats (D:1)
  3 frilled lizards
  21 kobolds
  5 rats
884 creatures vanquished.

Vanquished Creatures (others)
  Sonja (D:13)
  A deep elf pyromancer (Elf:1)
  A sky beast (D:8)
  33 fungi
  41 plants
77 creatures vanquished.

Grand Total: 961 creatures vanquished

Notes
Turn   | Place    | Note
-------+----------+-------------------------------------------
     0 | D:1      | bande the Gargoyle Fighter began the quest for the Orb.
     0 | D:1      | Reached XP level 1. HP: 14/14 MP: 1/1
    76 | D:1      | Reached XP level 2. HP: 10/19 MP: 2/2
    85 | D:1      | Reached skill level 2 in Axes
   441 | D:1      | Reached XP level 3. HP: 23/24 MP: 3/3
  1016 | D:2      | Reached XP level 4. HP: 14/29 MP: 4/4
  1017 | D:2      | Reached skill level 3 in Axes
  1585 | D:3      | Noticed a necrophage
  1595 | D:3      | Killed a necrophage
  1596 | D:3      | Reached XP level 5. HP: 33/33 MP: 5/5
  1778 | D:3      | Reached skill level 4 in Axes
  1789 | D:3      | Noticed a phantom
  1797 | D:3      | Killed a phantom
  1798 | D:3      | Reached XP level 6. HP: 18/38 MP: 6/6
  2434 | D:4      | Identified a scroll of acquirement
  2434 | D:4      | Acquired the +0 pair of fencer's gloves {Riposte Dex+3}
  2434 | D:4      | Found the +0 pair of fencer's gloves {Riposte Dex+3}
  2435 | D:4      | Noticed Blork the orc
  2448 | D:4      | Killed Blork the orc
  2649 | D:4      | Reached skill level 5 in Axes
  2906 | D:4      | Reached XP level 7. HP: 37/44 MP: 7/7
  2976 | D:4      | Reached skill level 1 in Evocations
  3068 | D:5      | Entered Level 5 of the Dungeon
  3082 | D:5      | Reached skill level 5 in Fighting
  3142 | D:5      | Reached skill level 6 in Axes
  3142 | D:5      | Reached XP level 8. HP: 48/49 MP: 8/8
  3202 | D:5      | Reached skill level 5 in Armour
  3443 | D:5      | Found a white marble altar of Elyvilon.
  3443 | D:5      | Found a sparkling altar of Nemelex Xobeh.
  3497 | D:5      | Reached skill level 7 in Axes
  4032 | D:6      | Found Zoompeiw's Armour Emporium.
  4037 | D:6      | Noticed a wraith
  4039 | D:6      | Noticed Eustachio
  4043 | D:6      | Killed a wraith
  4058 | D:6      | Noticed Menkaure
  4063 | D:6      | Reached XP level 9. HP: 41/55 MP: 9/9
  4068 | D:6      | Killed Menkaure
  4084 | D:6      | Killed Eustachio
  4712 | D:7      | Reached skill level 8 in Axes
  4759 | D:7      | Identified the +8 chain mail of Fanot {+Blink}
  4847 | D:7      | Found a staircase to the Ecumenical Temple.
  5134 | D:7      | Reached skill level 5 in Shields
  5137 | D:7      | Noticed a hornet
  5159 | D:7      | Killed a hornet
  5160 | D:7      | Reached skill level 9 in Axes
  5552 | D:8      | Found Pytuhuj's Assorted Antiques.
  5594 | D:8      | Reached XP level 10. HP: 52/61 MP: 10/10
  5751 | D:8      | Reached skill level 5 in Evocations
  5756 | D:8      | Identified the +2 robe of Polish {Dex+2}
  6125 | D:8      | Reached skill level 10 in Axes
  6692 | D:9      | Noticed a cane toad
  6855 | D:9      | Noticed a manticore
  7160 | D:9      | Acquired a +3 vorpal broad axe
  7166 | D:9      | Found an ornate altar of the Wu Jian Council.
  7311 | D:9      | Killed a manticore
  7883 | D:9      | Noticed a fire crab
  7890 | D:9      | Killed a fire crab
  7891 | D:9      | Reached XP level 11. HP: 67/68 MP: 11/11
  7924 | D:9      | Noticed a brown ugly thing
  7932 | D:9      | Killed a brown ugly thing
  7933 | D:9      | Reached skill level 11 in Axes
  8177 | Temple   | Entered the Ecumenical Temple
  8237 | Temple   | Became a worshipper of Warmaster Okawaru
  8312 | D:10     | Entered Level 10 of the Dungeon
  8668 | D:10     | Reached skill level 1 in Invocations
  8706 | D:10     | Found an ancient bone altar of Kikubaaqudgha.
  8708 | D:10     | Found a glowing silver altar of Zin.
  8708 | D:10     | Noticed a two-headed ogre
  8721 | D:10     | Reached * piety under Okawaru
  8730 | D:10     | Killed a two-headed ogre
  8828 | D:10     | Reached ** piety under Okawaru
  9296 | D:11     | Noticed a two-headed ogre
  9302 | D:11     | Killed a two-headed ogre
  9328 | D:11     | Noticed a deep elf pyromancer
  9333 | D:11     | Noticed Grum
  9359 | D:11     | Killed Grum
  9362 | D:11     | Killed a deep elf pyromancer
  9755 | D:11     | Reached *** piety under Okawaru
  9756 | D:11     | Reached skill level 12 in Axes
 10148 | D:11     | Found a staircase to the Lair.
 10454 | D:11     | Reached XP level 12. HP: 75/75 MP: 14/14
 10516 | D:11     | Found a staircase to the Orcish Mines.
 10985 | Lair:1   | Entered Level 1 of the Lair of Beasts
 11086 | Lair:1   | Reached **** piety under Okawaru
 11267 | Lair:1   | Reached skill level 5 in Invocations
 11338 | Lair:1   | Reached skill level 13 in Axes
 11421 | Lair:1   | Reached ***** piety under Okawaru
 12073 | Lair:2   | Found a runed translucent door.
 12198 | Lair:2   | Found a staircase to the Shoals.
 12475 | Lair:2   | Found an ornate altar of the Wu Jian Council.
 12475 | Lair:2   | Noticed a boulder beetle
 12476 | Lair:2   | Found a hide-covered altar of Uskayaw.
 12492 | Lair:2   | Reached XP level 13. HP: 80/80 MP: 17/17
 12682 | Lair:2   | Received a gift from Okawaru
 12895 | Lair:2   | Noticed Usinnox's ghost (journeyman OpCj)
 12914 | Lair:2   | Killed Usinnox's ghost
 13485 | Lair:3   | Reached skill level 14 in Axes
 13528 | Lair:3   | Received a gift from Okawaru
 13686 | Lair:3   | Found a hole to the Spider Nest.
 14177 | Lair:4   | Identified the +10 rapier "Grim" {venom, rC+ rN+ Int+3}
 14224 | Lair:4   | Found a gate leading to a gauntlet.
 14279 | Lair:4   | Reached skill level 10 in Fighting
 14412 | Lair:4   | Identified the +11 battleaxe "Huthuobo" {flame, Will+}
 14555 | Lair:4   | Reached ****** piety under Okawaru
 14637 | Gauntlet | Entered a Gauntlet
 14637 | Gauntlet | Found a transporter.
 14637 | Gauntlet | Found a transporter.
 14646 | Gauntlet | Found a transporter.
 14662 | Gauntlet | Found a transporter.
 14686 | Gauntlet | Found a transporter.
 14794 | Gauntlet | Found a transporter.
 14815 | Gauntlet | Found a transporter.
 14830 | Gauntlet | Found a transporter.
 14931 | Gauntlet | Identified the +5 pair of gloves of Boddeoni {Rampage rPois
                  | Str+2 Dex+3}
 14986 | Gauntlet | Found a transporter.
 14990 | Gauntlet | Found a transporter.
 14998 | Gauntlet | Found a transporter.
 15007 | Gauntlet | Found a transporter.
 15010 | Gauntlet | Identified the ring "Saotz" {Fire rCorr Str+3 Int+4}
 15042 | Gauntlet | Identified the ring of Tudghici {Fly rN+ Int+2 Stlth+}
 15042 | Gauntlet | Noticed a minotaur
 15048 | Gauntlet | Killed a minotaur
 15048 | Gauntlet | Identified the +10 plate armour of Duck's Teeth {rElec rC+
                  | Regen+} (Okawaru gifted it to you in a Gauntlet)
 15048 | Gauntlet | Received a gift from Okawaru
 15386 | Lair:5   | Entered Level 5 of the Lair of Beasts
 15479 | Lair:5   | Noticed Kirke
 15482 | Lair:5   | Noticed a sphinx
 15488 | Lair:5   | Gained mutation: Your large and strong wings let you fly.
                  | [Gargoyle growth]
 15488 | Lair:5   | Reached XP level 14. HP: 61/88 MP: 19/19
 15488 | Lair:5   | Killed Kirke
 15650 | Lair:5   | Reached skill level 15 in Axes
 16204 | Lair:5   | Received a gift from Okawaru
 16513 | Lair:5   | Found a staircase to the Slime Pits.
 16970 | D:12     | Identified the +3 scale mail of the Unbearable God {rElec
                  | rPois Stlth+}
 17924 | D:13     | Found a frozen archway.
 17940 | IceCv    | Entered an ice cave
 17953 | IceCv    | Found a transporter.
 17968 | IceCv    | Found a transporter.
 18084 | D:13     | Noticed Lodul
 18095 | D:13     | Killed Lodul
 18174 | D:13     | Reached XP level 15. HP: 95/95 MP: 21/21
 18223 | D:13     | Reached skill level 10 in Evocations
 18229 | D:13     | Identified the +6 crystal plate armour of the Lonely
                  | Leylines {Rampage Int+2} (Okawaru gifted it to you on level
                  | 13 of the Dungeon)
 18229 | D:13     | Received a gift from Okawaru
 18233 | D:13     | Reached skill level 16 in Axes
 18249 | D:13     | Noticed Sonja
 18254 | D:13     | Killed Sonja
 18280 | D:13     | Found a gate to the Vaults.
 18605 | D:12     | Reached skill level 10 in Armour
 19443 | D:14     | Identified the +0 helmet of Okawaru's Displeasure {Contam
                  | +Blink Int+8 Stlth-} (Okawaru gifted it to you on level 14
                  | of the Dungeon)
 19443 | D:14     | Received a gift from Okawaru
 19604 | D:15     | Entered Level 15 of the Dungeon
 19955 | D:15     | Found a white marble altar of Elyvilon.
 19956 | D:15     | Found a sparkling altar of Nemelex Xobeh.
 19957 | D:15     | Found a sparkling altar of Nemelex Xobeh.
 20065 | D:15     | Found a staircase to the Depths.
 20203 | D:15     | Reached skill level 17 in Axes
 20237 | D:15     | Noticed a tengu reaver
 20254 | D:15     | Reached XP level 16. HP: 75/101 MP: 23/23
 20266 | D:15     | Killed a tengu reaver
 20267 | D:15     | Reached skill level 10 in Invocations
 20376 | D:15     | Received a gift from Okawaru
 21032 | D:15     | Identified the amulet of Maox {Spirit rPois rF++ Int-4
                  | Stlth+}
 21052 | D:15     | Identified the amulet "Fodi" {Spirit rF+ Slay+2}
 21052 | D:15     | Noticed a tengu reaver
 21304 | D:15     | Killed a tengu reaver
 21311 | D:15     | Identified the +7 war axe "Peos" {speed, Will+ Str+4 Int+5}
 21311 | D:15     | Identified the ring "Faus" {rC+ SInv}
 21886 | Orc:1    | Entered Level 1 of the Orcish Mines
 22107 | Orc:2    | Entered Level 2 of the Orcish Mines
 22107 | Orc:2    | Noticed Erolcha
 22235 | Orc:1    | Killed Erolcha
 22235 | Orc:1    | Received a gift from Okawaru
 22251 | Orc:2    | Noticed Jorgrun
 22676 | Orc:1    | Killed Jorgrun
 22677 | Orc:1    | Reached skill level 18 in Axes
 22945 | Orc:2    | Found Uplaxzim's Antique Armour Boutique.
 22948 | Orc:2    | Found a staircase to the Elven Halls.
 23156 | Orc:2    | Bought a pair of crude boots for 294 gold pieces
 23156 | Orc:2    | Identified the +0 pair of boots "Fybleol" {rPois Regen+}
                  | (You bought it in a shop on level 2 of the Orcish Mines)
 23309 | Orc:2    | Found Fesuil's Book Shop.
 23485 | Orc:2    | Reached XP level 17. HP: 108/108 MP: 25/25
 23533 | Orc:2    | Found Dilozefait's General Store.
 23783 | Orc:2    | Found Jizygarch's Antique Weapon Shoppe.
 23802 | Orc:2    | Found a transporter.
 23813 | Orc:2    | Found a bloodstained altar of Trog.
 23832 | Orc:2    | Found a transporter.
 23833 | Orc:2    | Noticed drewk1942's ghost (journeyman AtFi)
 23858 | Orc:2    | Found Bayllox's Distillery.
 24010 | Orc:2    | Found Ulabbuck's Assorted Antiques.
 24030 | Orc:2    | Bought a scroll labelled ZUIRHURERR for 24 gold pieces
 24148 | Orc:2    | Killed drewk1942's ghost
 24152 | Orc:2    | Identified the +0 pair of boots of Incorporation {rN+ Will+
                  | Regen+ Int-3} (Okawaru gifted it to you on level 2 of the
                  | Orcish Mines)
 24152 | Orc:2    | Received a gift from Okawaru
 24462 | Elf:1    | Entered Level 1 of the Elven Halls
 24470 | Elf:1    | Paralysed by an air elemental for 1 turns
 24474 | Elf:1    | Paralysed by an air elemental for 1 turns
 24749 | Elf:1    | Found Foant's Assorted Antiques.
 25282 | Elf:1    | Noticed Nikola
 25290 | Elf:1    | Killed Nikola
 25386 | Elf:1    | Found Bigoyv's Weapon Shop.
 25640 | Elf:1    | Got Kikubaaqudgha's Dissertation on Evil Secrets
 25815 | Elf:2    | Found a radiant altar of Vehumet.
 25825 | Elf:2    | Found Lelaezumm's Magic Scroll Shoppe.
 25825 | Elf:2    | Noticed Asterion
 25846 | Elf:2    | Killed Asterion
 25874 | Elf:2    | Identified the +3 lajatang of the Final Decision {flame,
                  | rPois Dex+4} (Okawaru gifted it to you on level 2 of the
                  | Elven Halls)
 25874 | Elf:2    | Received a gift from Okawaru
 25911 | Elf:2    | Found a portal to a secret trove of treasure.
 25928 | Elf:2    | Reached skill level 19 in Axes
 25942 | Elf:2    | Identified the +5 scale mail of Luloilie {MP-9 Dex+3}
 26013 | Elf:2    | Reached XP level 18. HP: 99/116 MP: 19/27
 26059 | Elf:2    | Found a magical portal.
 26064 | WizLab   | Entered Tukima's Studio
 26209 | WizLab   | Noticed bande's illusion
 26237 | WizLab   | HP: 3/117 [bande's illusion (illusionary)[a strange
                  | machine] (4)]
 26249 | WizLab   | HP: 3/117 [+0 glaive of venom (17)]
 26250 | WizLab   | Mangled by a +0 glaive of venom

Illustrated notes

Levels and vault maps discovered:
D:1:      tarquinn_simple_flora_water_a, layout_basic, nicolae_wormholes
D:2:      layout_basic, minmay_worlds_worst_comb
D:3:      layout_basic
D:4:      layout_gridville, kennysheep_generic_room_10, uniq_blork_the_orc
D:5:      layout_basic, gammafunk_temple_overflow_statue,
          minmay_a_box_with_orc_wizards_in_it
D:6:      layout_rooms, nicolae_overflow_hidden_temple, serial_shops, shop,
          hangedman_decor_peaks_small, uniq_menkaure, uniq_eustachio
D:7:      layout_loops_ring, minmay_temple_entry_butterflies
D:8:      layout_loops_corners, serial_shops, nicolae_shop_hallway_plus
D:9:      layout_basic, mainiacjoe_overflow_small_starburst,
          minmay_fractal_squares_gapless_7
D:10:     layout_loops_ring, chequers_temple_overflow_statue_of_worship
D:11:     layout_stronghold, erik_lair_orcish_takeover, orc_0_dummy, uniq_grum
D:12:     layout_basic
D:13:     layout_roguey, ximxim_vaults_locker_room, portal_ice_cave_rime,
          due_unseen_surprise, uniq_sonja, uniq_lodul
D:14:     layout_loops_ring, minmay_misc_feat_diagonals
D:15:     hangedman_slaughterboxes, serial_shops
Temple:   nicolae_temple_superstar
Lair:1:   layout_chaotic_city, bh_autumn_forest_stairs, grunt_megastairs_5,
          lemuel_fruit_fields
Lair:2:   layout_loops_ring, minmay_shoals_entry_hut,
          ebering_ghost_reflecting_pool, nzn_masters_of_martial_movement
Lair:3:   layout_small_grid, hellmonk_spider_entry_life_and_decay
Lair:4:   layout_gridlike, gauntlet_entry_generic, grunt_megastairs_4
Lair:5:   evilmike_catoblepas_cave, layout_regular_city,
          minmay_slime_entry_pillars, uniq_kirke
Orc:1:    layout_diamond_mine
Orc:2:    grunt_orc_gardens, layout_caves, grunt_orc_garden, grunt_orc_garden,
          grunt_orc_garden, grunt_orc_garden, gammafunk_ghost_wrathful_warriors,
          serial_shops, shop_statue, nicolae_shop_window_shopping, uniq_jorgrun,
          uniq_erolcha
Elf:1:    nicolae_elf_arrival_aired_out, layout_onion_city, serial_shops,
          bzr_entry_safe, nicolae_shop_bloodbath_and_beyond, shop,
          minmay_elf_necromancy, uniq_nikola
Elf:2:    nicolae_elf_blades_crystal_corner, layout_geoelf_grid,
          nicolae_trove_entry_crossroad, serial_shops, shop, basic_altar,
          mu_enter_wizlab_2, uniq_asterion
WizLab:   wizlab_tukima

Skill      XL: |  1  2  3  4  5  6  7  8  9 10 11 12 13 14 15 16 17 |
---------------+----------------------------------------------------+-----
Axes           | 2 3 4 5 6 7 9 10 12 13 14 15 17 18 19 | 19.2
Fighting       | 4 5 6 7 8 9 10 11 12 13 14 | 14.3
Armour         | 4 5 6 7 8 9 10 11 | 11.9
Shields        | 4 5 6 7 8 9 |  9.3
Evocations     | 2 3 4 6 7 8 9 10 11 12 | 12.3
Invocations    | 3 5 7 8 9 11 12 | 12.3

Action                   |  1- 3 |  4- 6 |  7- 9 | 10-12 | 13-15 | 16-18 || total
-------------------------+-------+-------+-------+-------+-------+-------++-------
Melee: War axe           |    86 |   135 |   262 |   131 |       |       ||   614
       Broad axe         |       |       |       |   465 |   113 |       ||   578
       Battleaxe         |       |       |       |       |   601 |   738 ||  1339
       Flail             |       |       |       |       |     4 |       ||     4
 Abil: Evoke Blink       |       |       |       |     1 |       |       ||     1
  Use: Scroll            |     5 |     7 |     2 |    10 |     8 |     6 ||    38
       Potion            |       |       |     2 |     1 |     1 |     3 ||     7
Armor: Scale mail        |    63 |    11 |       |       |       |       ||    74
       Plate armour      |       |    76 |   142 |       |   430 |   676 ||  1324
       Chain mail        |       |       |    95 |   367 |    87 |       ||   549
Dodge: Dodged            |    40 |    30 |   186 |   246 |   334 |   345 ||  1181
Block: Buckler           |    22 |    40 |   111 |   199 |    68 |       ||   440
       Other             |       |       |       |       |   135 |    88 ||   223
       Reflection        |       |       |       |       |     8 |     4 ||    12
       Rpst.: War axe    |       |     7 |    91 |    20 |       |       ||   118
       Broad axe         |       |       |       |    93 |    39 |       ||   132
       Battleaxe         |       |       |       |       |    11 |       ||    11
       Flail             |       |       |       |       |     1 |       ||     1

Table legend: (Time is in decaauts)
 A = Elapsed time spent in this place.
 B = Non-inter-level travel time spent in this place.
 C = Inter-level travel time spent in this place.
 D = Time resting spent in this place.
 E = Time spent auto-exploring this place.
 F = Levels seen in this place.
 G = Mean time per level.
                   A        B        C        D        E       F      G
               +--------+--------+--------+--------+--------+-----+--------+
         Total |  26220 |  25398 |    822 |   5197 |  14247 |  28 |  936.4 |
       Dungeon |  15867 |  15190 |    677 |   3503 |   8649 |  15 | 1057.8 |
        Temple |     72 |     61 |     11 |      0 |     44 |   1 |   72.0 |
          Lair |   5500 |   5377 |    123 |    699 |   3635 |   5 | 1100.0 |
  Orcish Mines |   2544 |   2533 |     11 |    995 |    791 |   2 | 1272.0 |
   Elven Halls |   1539 |   1539 |      0 |      0 |    937 |   2 |  769.5 |
      Ice Cave |     95 |     95 |      0 |      0 |     12 |   1 |   95.0 |
        Wizlab |    165 |    165 |      0 |      0 |     39 |   1 |  165.0 |
      Gauntlet |    433 |    433 |      0 |      0 |    140 |   1 |  433.0 |
               +--------+--------+--------+--------+--------+-----+--------+

Top non-repeatable levels by time:
    D:15: 2026 daAuts
    D:11: 1785 daAuts
     D:9: 1581 daAuts
   Orc:1: 1427 daAuts
  Lair:5: 1401 daAuts
   Elf:1: 1290 daAuts
  Lair:3: 1254 daAuts
    D:12: 1219 daAuts
     D:8: 1151 daAuts
   Orc:2: 1117 daAuts
  Lair:2: 1055 daAuts
  Lair:1: 989 daAuts
    D:10: 977 daAuts
     D:5: 953 daAuts
     D:1: 866 daAuts
